 Dungeon Crawl Stone Soup version 0.31-a0-978-g1e143483b6 (webtiles) character file.

Game seed: 17271059507885772909

361 sammy202020 the Ruffian (level 6, -4/59 HPs)
             Began as a Troll Shapeshifter on Oct 30, 2023.
             Slain by a lemure (22 damage)
             ... led by Pikel
             ... on level 4 of the Dungeon.
             The game lasted 00:03:47 (2058 turns).

sammy202020 the Ruffian (Troll Shapeshifter)        Turns: 2058, Time: 00:03:48

Health: -4/59      AC:  5    Str: 23    XL:     6   Next: 38%
Magic:  5/5        EV:  1    Int:  8    God:
Gold:   116        SH:  0    Dex:  9    Spells: 5/5 levels left

rFire   . .          .
                       - Unarmed
rCold   . . .        (no shield)
rNeg    . . .        f - +1 animal skin
rPois   .            (helmet currently unavailable)
rElec   .            (cloak currently unavailable)
rCorr   .            (gloves unavailable)
SInv    .            (boots unavailable)
Will    .....        k - amulet of reflection
Stlth   +            w - +5 ring of evasion
HPRegen 1.09/turn    (no ring)
MPRegen 0.09/turn

%: reflection
@: beast-form, sleeping
A: beast (slay +2), large, unfitting armour, claws 3, regeneration 1, shaggy fur
1, tough skin 1
a: Begin Untransformation


You were on level 4 of the Dungeon.
You were a hulking beast.
You visited 1 branch of the dungeon, and saw 4 of its levels.

You collected 116 gold pieces.

Inventory:

Hand Weapons
 e - a +0 mace
 u - a +0 club
Missiles
 r - 4 silver javelins (quivered)
Armour
 f - a +1 animal skin (worn)
Jewellery
 i - an amulet of regeneration
 k - an amulet of reflection (around neck)
 w - a +5 ring of evasion (left claw)
Talismans
 c - a beast talisman (active)
 d - a flux talisman
 o - a storm talisman
Scrolls
 h - 2 scrolls of revelation
 q - a scroll of amnesia
 v - a scroll of teleportation
Potions
 a - a potion of magic
 b - 2 potions of lignification
 g - a potion of resistance
 l - 2 potions of curing
 m - 2 potions of ambrosia


   Skills:
 * Level 2.5 Fighting
 + Level 0.5 Maces & Flails
 * Level 2.2 Armour
 * Level 2.8 Dodging
 * Level 4.2 Unarmed Combat
 + Level 3.5 Shapeshifting


You had 5 spell levels left.
You didn't know any spells.
Your spell library contained the following spells:

 Spells                   Type           Power      Damage    Failure   Level
 Summon Small Mammal      Summ           0%         N/A       41%         1
 Cigotuvi's Dreadful Rot  Necr/Pois/Air  0%         N/A       54%         2
 Call Canine Familiar     Summ           0%         N/A       78%         3
 Ignite Poison            Fire/Tmut/Pois 0%         N/A       78%         3
 Summon Guardian Golem    Hex/Summ       0%         N/A       78%         3
 Freezing Cloud           Conj/Ice/Air   0%         6-21      100%        5


Dungeon Overview and Level Annotations

Branches:
Dungeon (4/15)
 Temple: D:4-7

Altars:

Annotations:
D:4 Pikel


Innate Abilities, Weirdness & Mutations

You are a hulking beast.
Your limbs bulge with bestial killing power. (Slay +2)
You are too large for most types of armour.
You have claws for hands.
Your natural rate of healing is unusually fast.
You are covered in fur. (AC +1)
You have tough skin. (AC +1)


Message History

The lemure hits you!
* * * LOW HITPOINT WARNING * * *
The lemure hits you but does no damage.
You claw the hobgoblin!
You kill the hobgoblin!
Pikel hits you with a +0 whip of freezing.
* * * LOW HITPOINT WARNING * * *
Pikel freezes you.
* * * LOW HITPOINT WARNING * * *
The lemure barely misses you. You block the lemure's attack.
The lemure hits you.
* * * LOW HITPOINT WARNING * * *
Pikel attacks as he pursues you!
Pikel hits you with a +0 whip of freezing.
* * * LOW HITPOINT WARNING * * *
Pikel freezes you.
* * * LOW HITPOINT WARNING * * *
The lemure hits you.
* * * LOW HITPOINT WARNING * * *
Things that are here:
a +0 short sword; a kobold corpse
Found a scroll of vulnerability and a scroll labelled SAIGAA BIAME.
The lemure attacks as it pursues you! You block the lemure's attack.
Found 14 gold pieces.
The lemure attacks as it pursues you! The lemure misses you.
The lemure attacks as it pursues you! The lemure completely misses you.
A sleepcap comes into view.
Found a stone staircase leading down.
The lemure attacks as it pursues you! The lemure hits you but does no damage.
Okay, then.
You feel better. The lemure misses you.
The sleepcap releases spores at you but does no damage.
You scratch the sleepcap.
The sleepcap is lightly damaged.
The lemure barely misses you. The sleepcap releases spores at you.
* * * LOW HITPOINT WARNING * * *
You are engulfed in a cloud of soporific spores!
You fall asleep.
The lemure hits you!!
You die...

. .. ... ##....
###..>..#
#.......#
###########h.....#
#........K5f$...##
#...##..........#
#.?.....5###5.###
#....?.###....##
.................
...#.####......##.
##.. ##K.....# .
##..###)5...#.#


You could see Pikel, 3 lemures and a sleepcap.

Vanquished Creatures
  Eustachio (D:4)
  A lemure (D:4)
  2 orc wizards (D:3)
  Robin (D:2)
  A gnoll (D:1)
  4 adders
  A worm (D:2)
  7 dart slugs
  8 orcs (D:3)
  3 ball pythons
  5 endoplasms
  11 goblins
  13 hobgoblins
  4 jackals
  A quokka (D:2)
  5 bats
  4 kobolds
  4 rats
76 creatures vanquished.

Vanquished Creatures (others)
  An orc wizard (D:3)
1 creature vanquished.

Grand Total: 77 creatures vanquished

Notes
Turn   | Place    | Note
-------+----------+-------------------------------------------
     0 | D:1      | sammy202020 the Troll Shapeshifter began the quest for the
                  | Orb.
     0 | D:1      | Reached XP level 1. HP: 18/18 MP: 0/0
    93 | D:1      | Reached skill level 1 in Fighting
    93 | D:1      | Reached XP level 2. HP: 23/27 MP: 1/1
   479 | D:1      | Reached XP level 3. HP: 33/33 MP: 2/2
   725 | D:2      | Reached skill level 1 in Armour
   751 | D:2      | Noticed Robin
   757 | D:2      | Killed Robin
   775 | D:2      | Reached XP level 4. HP: 41/41 MP: 3/3
  1516 | D:3      | Reached XP level 5. HP: 49/49 MP: 4/4
  1737 | D:3      | Reached skill level 4 in Unarmed Combat
  1776 | D:3      | Found a faded altar of an unknown god.
  2024 | D:4      | Noticed a lemure
  2024 | D:4      | Noticed a lemure
  2024 | D:4      | Noticed Eustachio
  2028 | D:4      | Killed Eustachio
  2029 | D:4      | Reached XP level 6. HP: 59/59 MP: 5/5
  2030 | D:4      | Noticed Pikel
  2047 | D:4      | HP: 2/59 [lemure[Pikel] (5)]
  2058 | D:4      | Slain by a lemure

Illustrated notes

Levels and vault maps discovered:
D:1:      kennysheep_arrival_seaside, layout_loops_ring, minmay_heptomino_o4
D:2:      layout_loops_ring, chequers_serial_rivers_micro_e, uniq_robin
D:3:      layout_basic, hellmonk_ecumenical_altar_arch_garden
D:4:      layout_rooms, kennysheep_mini, dk_noncrumbling_3, uniq_pikel,
          uniq_eustachio

Skill      XL: |  1  2  3  4  5 |
---------------+----------------+-----
Fighting       | 1 2 |  2.5
Dodging        | 2 |  2.8
Armour         | 1 2 |  2.2
Unarmed Combat | 4 |  4.2
Maces & Flails | |  0.5
Shapeshifting  | |  3.5

Action                     |  1- 3 |  4- 6 || total
---------------------------+-------+-------++-------
  Melee: Unarmed           |    62 |   116 ||   178
         Punch             |     2 |     1 ||     3
    Use: Scroll            |     5 |     6 ||    11
         Potion            |       |     4 ||     4
   Stab: Sleeping          |     1 |       ||     1
 Armour: Animal skin       |    46 |    62 ||   108
  Dodge: Dodged            |    19 |    52 ||    71
  Block: Other             |       |    26 ||    26
   Form: Beast             |     1 |       ||     1

Table legend: (Time is in decaauts)
 A = Elapsed time spent in this place.
 B = Non-inter-level travel time spent in this place.
 C = Inter-level travel time spent in this place.
 D = Time resting spent in this place.
 E = Time spent auto-exploring this place.
 F = Levels seen in this place.
 G = Mean time per level.
                   A        B        C        D        E       F      G
               +--------+--------+--------+--------+--------+-----+--------+
         Total |   2040 |   1994 |     46 |     29 |   1461 |   4 |  510.0 |
       Dungeon |   2040 |   1994 |     46 |     29 |   1461 |   4 |  510.0 |
               +--------+--------+--------+--------+--------+-----+--------+

Top non-repeatable levels by time:
     D:2: 745 daAuts
     D:1: 714 daAuts
     D:3: 548 daAuts
     D:4: 32 daAuts
